| TOP OF THE 1ST |
|
Kane County Cougars batting - Pitching for Great Lakes Loons : RHP Arturo Naranjo
|
|
Pitching: RHP Arturo Naranjo
|
|
|
Batting: LHB Omar Marquez
|
0-0: Swinging Strike 0-1: Swinging Strike 0-2: Ball 1-2: Ground out 4-3 (Groundball, 4M, EV 99.4 MPH)
|
|
Batting: RHB Ernesto Zamora
|
0-0: Ball 1-0: SINGLE (Groundball, 6M, EV 93.1 MPH) (infield hit)
|
|
Batting: SHB Evan Armagost
|
0-0: Ball 1-0: Ball 2-0: Called Strike 2-1: Called Strike 2-2: Foul Ball, location: 2F 2-2: Foul Ball, location: 2F 2-2: SINGLE (Groundball, 34D, EV 101.2 MPH) Ernesto Zamora to second Runner from 2nd tries for 3rd, SAFE, throw by RF made to third
|
|
Batting: RHB Steve Machol
|
Balk! Ernesto Zamora scores Evan Armagost to second 0-0: Called Strike 0-1: Ball 1-1: Called Strike 1-2: Ball 2-2: Fly out, F8 (Flyball, 89S, EV 90.0 MPH)
|
|
Batting: RHB Paul Schreiber
|
0-0: Called Strike 0-1: SINGLE (Groundball, 56D, EV 94.4 MPH) Evan Armagost to third Runner from 3rd tries for Home, SAFE, throw by LF to home
|
|
Batting: LHB Jeff Harmon
|
0-0: Foul Ball, location: 2F 0-1: Ball 1-1: SINGLE (Groundball, 56D, EV 103.8 MPH) Paul Schreiber to second Runner from 2nd tries for 3rd, SAFE, throw by LF made to third
|
|
Batting: RHB Sergio Manzanero
|
0-0: Reached on error, E6 (Groundball, 6, EV 81.9 MPH) Paul Schreiber scores Jeff Harmon to second
|
|
Batting: LHB Enrique Ponce
|
0-0: Called Strike 0-1: Foul Ball, location: 2F 0-2: Fielders Choice at 2nd, 5-4 (Groundball, 5L, EV 82.5 MPH)
|
| Top of the 1st over - 3 runs, 4 hits, 1 error, 2 left on base; Kane County 3 - Great Lakes 0 |
| BOTTOM OF THE 1ST |
|
Great Lakes Loons batting - Pitching for Kane County Cougars : RHP Alex Andrade
|
|
Pitching: RHP Alex Andrade
|
|
|
Batting: LHB Enrique Andrade
|
0-0: Ball 1-0: Called Strike 1-1: Ball 2-1: SINGLE (Groundball, 25, EV 67.5 MPH) (infield hit)
|
|
Batting: LHB Stephen Van Raalte
|
0-0: Called Strike 0-1: Called Strike 0-2: Foul Ball, location: 2F 0-2: Strikes out swinging
|
|
Batting: SHB Todd Hewitt
|
0-0: Ball 1-0: Called Strike 1-1: 2-RUN HOME RUN (Flyball, 89XD, EV 96.9 MPH), Distance : 384 ft
|
|
Batting: LHB Kevin Wiebe
|
0-0: Called Strike 0-1: Ball 1-1: Foul Ball, location: 2F 1-2: Ball 2-2: Ball 3-2: SINGLE (Groundball, 4D, EV 98.8 MPH)
|
|
Batting: LHB Cliff Thomas
|
0-0: DOUBLE (Line Drive, 9LS, EV 94.4 MPH) Kevin Wiebe to third Runner from 3rd tries for Home, throw by RF and OUT! 9-4-2 Cliff Thomas to third
|
|
Batting: RHB Devon Fourcade
|
0-0: SINGLE (Groundball, 4MD, EV 101.9 MPH) Cliff Thomas scores
|
|
Batting: RHB Trevor Conklin
|
0-0: Called Strike 0-1: Ball 1-1: Fly out, F5 (Popup, 5S, EV 74.4 MPH)
|
| Bottom of the 1st over - 3 runs, 5 hits, 0 errors, 1 left on base; Kane County 3 - Great Lakes 3 |
| TOP OF THE 2ND |
|
Kane County Cougars batting - Pitching for Great Lakes Loons : RHP Arturo Naranjo
|
|
Batting: LHB Tae-geun Kwang
|
0-0: Called Strike 0-1: Foul Ball, location: 2F 0-2: Ball 1-2: Strikes out swinging
|
|
Batting: LHB Omar Marquez
|
0-0: Called Strike 0-1: Ball 1-1: Ball 2-1: Ball 3-1: Foul Ball, location: 2F 3-2: Ground out 4-3 (Groundball, 4, EV 79.4 MPH)
|
|
Batting: RHB Ernesto Zamora
|
0-0: Swinging Strike 0-1: Ball 1-1: Swinging Strike 1-2: Ball 2-2: Strikes out swinging
|
| Top of the 2nd over - 0 runs, 0 hits, 0 errors, 0 left on base; Kane County 3 - Great Lakes 3 |
| BOTTOM OF THE 2ND |
|
Great Lakes Loons batting - Pitching for Kane County Cougars : RHP Alex Andrade
|
|
Batting: RHB Roger Simmons
|
0-0: Swinging Strike 0-1: Ball 1-1: Ball 2-1: Ground out 5-3 (Groundball, 56, EV 85.0 MPH)
|
|
Batting: RHB Theo Schepers
|
0-0: Ball 1-0: Called Strike 1-1: Ball 2-1: SOLO HOME RUN (Flyball, 7D, EV 96.2 MPH), Distance : 377 ft
|
|
Batting: LHB Enrique Andrade
|
0-0: Ball 1-0: Called Strike 1-1: Ball 2-1: Called Strike 2-2: Foul Ball, location: 2F 2-2: Foul Ball, location: 2F 2-2: SINGLE (Groundball, 6M, EV 99.4 MPH) (infield hit)
|
|
Pinch Runner at 1st Jay Fenderson:
|
|
|
Batting: LHB Stephen Van Raalte
|
0-0: Ball 1-0: Fly out, F9 (Line Drive, 89M, EV 86.2 MPH)
|
|
Batting: SHB Todd Hewitt
|
0-0: Foul Ball, location: 2F 0-1: Ball 1-1: SINGLE (Groundball, 34D, EV 101.9 MPH) (infield hit) Jay Fenderson to second
|
|
Batting: LHB Kevin Wiebe
|
0-0: Called Strike 0-1: Ball 1-1: Ball 2-1: Foul Ball, location: 2F 2-2: Ball 3-2: 3-RUN HOME RUN (Flyball, 9D, EV 95.0 MPH), Distance : 360 ft
|
|
Pitching: RHP Tom Alatas
|
|
|
Batting: LHB Cliff Thomas
|
0-0: Ball 1-0: Ball 2-0: Ball 3-0: Called Strike 3-1: Called Strike 3-2: Base on Balls
|
|
Batting: RHB Devon Fourcade
|
0-0: Called Strike 0-1: Ball 1-1: Foul Ball, location: 2F 1-2: Ball 2-2: Ball 3-2: Base on Balls Cliff Thomas to second
|
|
Batting: RHB Trevor Conklin
|
0-0: Ball 1-0: Foul Ball, location: 2F 1-1: Ball 2-1: Fly out, F9 (Line Drive, 9, EV 96.9 MPH)
|
| Bottom of the 2nd over - 4 runs, 4 hits, 0 errors, 2 left on base; Kane County 3 - Great Lakes 7 |
| TOP OF THE 3RD |
|
Kane County Cougars batting - Pitching for Great Lakes Loons : RHP Arturo Naranjo
|
|
Now in CF: Stephen Van Raalte
|
|
|
Now in RF: Rich Rubio
|
|
|
Batting: SHB Evan Armagost
|
0-0: Ball 1-0: Ball 2-0: Called Strike 2-1: Foul Ball, location: 2F 2-2: Ground out 5-3 (Groundball, 56, EV 85.0 MPH)
|
|
Batting: RHB Steve Machol
|
0-0: Hit by Pitch
|
|
Batting: RHB Paul Schreiber
|
0-0: Ball 1-0: SINGLE (Groundball, 6MD, EV 103.1 MPH) Steve Machol to second
|
|
Batting: LHB Jeff Harmon
|
0-0: Called Strike 0-1: Grounds into double play, 1-6-3 (Groundball, 34S, EV 75.6 MPH)
|
| Top of the 3rd over - 0 runs, 1 hit, 0 errors, 1 left on base; Kane County 3 - Great Lakes 7 |
| BOTTOM OF THE 3RD |
|
Great Lakes Loons batting - Pitching for Kane County Cougars : RHP Tom Alatas
|
|
Batting: RHB Roger Simmons
|
0-0: Ball 1-0: Fly out, F7 (Line Drive, 78M, EV 97.5 MPH)
|
|
Batting: RHB Theo Schepers
|
0-0: Ball 1-0: Foul Ball, location: 2F 1-1: Swinging Strike 1-2: SINGLE (Groundball, 6D, EV 103.1 MPH)
|
|
Batting: SHB Rich Rubio
|
0-0: Called Strike Theo Schepers steals 2nd base (no throw) 0-1: Swinging Strike 0-2: Ball 1-2: Ball 2-2: Strikes out looking
|
|
Batting: LHB Stephen Van Raalte
|
0-0: Called Strike 0-1: Foul Ball, location: 2F 0-2: SINGLE (Flyball, 8RS, EV 86.9 MPH) Theo Schepers to third Runner from 3rd tries for Home, SAFE, throw by CF to home
|
|
Batting: SHB Todd Hewitt
|
0-0: Foul Ball, location: 2F 0-1: Ball 1-1: Foul Ball, location: 2F 1-2: Ball 2-2: DOUBLE (Line Drive, 7LM, EV 105.6 MPH) Stephen Van Raalte to third Runner from 3rd tries for Home, SAFE, throw by LF to trailing runner, OUT at third! 7-3-5
|
| Bottom of the 3rd over - 2 runs, 3 hits, 0 errors, 0 left on base; Kane County 3 - Great Lakes 9 |
| TOP OF THE 4TH |
|
Kane County Cougars batting - Pitching for Great Lakes Loons : RHP Arturo Naranjo
|
|
Batting: RHB Sergio Manzanero
|
0-0: Ball 1-0: Ball 2-0: Foul Ball, location: 2F 2-1: Ball 3-1: Ground out 5-3 (Groundball, 56S, EV 76.2 MPH)
|
|
Batting: LHB Enrique Ponce
|
0-0: Called Strike 0-1: Ball 1-1: Ball 2-1: Called Strike 2-2: Ball 3-2: Strikes out swinging
|
|
Batting: LHB Tae-geun Kwang
|
0-0: Ball 1-0: Called Strike 1-1: Ball 2-1: Ball 3-1: Foul Ball, location: 2F 3-2: Strikes out swinging
|
| Top of the 4th over - 0 runs, 0 hits, 0 errors, 0 left on base; Kane County 3 - Great Lakes 9 |
| BOTTOM OF THE 4TH |
|
Great Lakes Loons batting - Pitching for Kane County Cougars : RHP Tom Alatas
|
|
Batting: LHB Kevin Wiebe
|
0-0: Ball 1-0: Foul Ball, location: 2F 1-1: Foul Ball, location: 2F 1-2: Foul Ball, location: 2F 1-2: Strikes out looking
|
|
Pitching: LHP Cody Batchelor
|
|
|
Batting: LHB Cliff Thomas
|
0-0: Ball 1-0: Ball 2-0: Called Strike 2-1: Swinging Strike 2-2: Strikes out looking
|
|
Batting: RHB Devon Fourcade
|
0-0: SOLO HOME RUN (Flyball, 7D, EV 94.4 MPH), Distance : 375 ft
|
|
Batting: RHB Trevor Conklin
|
0-0: Called Strike 0-1: Foul Ball, location: 2F 0-2: Ball 1-2: Foul Ball, location: 2F 1-2: Ball 2-2: Strikes out looking
|
| Bottom of the 4th over - 1 run, 1 hit, 0 errors, 0 left on base; Kane County 3 - Great Lakes 10 |
| TOP OF THE 5TH |
|
Kane County Cougars batting - Pitching for Great Lakes Loons : RHP Arturo Naranjo
|
|
Batting: LHB Omar Marquez
|
0-0: Ball 1-0: Ground out U3 (Groundball, 3S, EV 83.8 MPH)
|
|
Batting: RHB Ernesto Zamora
|
0-0: Ball 1-0: Ground out 1-3 (Groundball, P, EV 66.9 MPH)
|
|
Batting: SHB Evan Armagost
|
0-0: Called Strike 0-1: Ball 1-1: Foul Ball, location: 2F 1-2: Strikes out swinging
|
| Top of the 5th over - 0 runs, 0 hits, 0 errors, 0 left on base; Kane County 3 - Great Lakes 10 |
| BOTTOM OF THE 5TH |
|
Great Lakes Loons batting - Pitching for Kane County Cougars : LHP Cody Batchelor
|
|
Batting: RHB Roger Simmons
|
0-0: Called Strike 0-1: Ball 1-1: Ground out 5-3 (Groundball, 56S, EV 85.6 MPH)
|
|
Batting: RHB Theo Schepers
|
0-0: Fly out, F9 (Flyball, 89D, EV 90.0 MPH)
|
|
Batting: SHB Rich Rubio
|
0-0: Foul Ball, location: 2F 0-1: Ball 1-1: Ground out 5-3 (Groundball, 5, EV 80.0 MPH)
|
| Bottom of the 5th over - 0 runs, 0 hits, 0 errors, 0 left on base; Kane County 3 - Great Lakes 10 |
| TOP OF THE 6TH |
|
Kane County Cougars batting - Pitching for Great Lakes Loons : RHP Arturo Naranjo
|
|
Batting: RHB Steve Machol
|
0-0: Ball 1-0: SINGLE (Groundball, 6D, EV 94.4 MPH)
|
|
Batting: RHB Paul Schreiber
|
0-0: Called Strike 0-1: Ball 1-1: Ball 2-1: Ball 3-1: DOUBLE (Line Drive, 8RD, EV 113.8 MPH) Steve Machol to third
|
|
Batting: LHB Jeff Harmon
|
0-0: Foul Ball, location: 2F 0-1: Ball 1-1: Ground out U3 (Groundball, 23, EV 83.1 MPH)
|
|
Batting: RHB Sergio Manzanero
|
0-0: Ball 1-0: Foul Ball, location: 2F 1-1: Called Strike 1-2: Strikes out swinging
|
|
Batting: LHB Enrique Ponce
|
0-0: Swinging Strike 0-1: Foul Ball, location: 2F 0-2: Ball 1-2: Strikes out swinging
|
| Top of the 6th over - 0 runs, 2 hits, 0 errors, 2 left on base; Kane County 3 - Great Lakes 10 |
| BOTTOM OF THE 6TH |
|
Great Lakes Loons batting - Pitching for Kane County Cougars : LHP Cody Batchelor
|
|
Batting: LHB Stephen Van Raalte
|
0-0: Foul Ball, location: 2F 0-1: Ball 1-1: Ball 2-1: Ball 3-1: Base on Balls
|
|
Batting: SHB Todd Hewitt
|
0-0: Swinging Strike 0-1: Foul Ball, location: 2F 0-2: Fly out, F6 (Popup, 15S, EV 84.4 MPH)
|
|
Batting: LHB Kevin Wiebe
|
0-0: Ball 1-0: SINGLE (Groundball, 4D, EV 97.5 MPH) Stephen Van Raalte to second
|
|
Batting: LHB Cliff Thomas
|
0-0: Foul Ball, location: 2F 0-1: Swinging Strike 0-2: Strikes out swinging
|
|
Batting: RHB Devon Fourcade
|
0-0: Foul Ball, location: 2F 0-1: Foul Ball, location: 2F 0-2: Foul Ball, location: 2F 0-2: Ball 1-2: SINGLE (Line Drive, 4D, EV 107.5 MPH) Stephen Van Raalte to third Kevin Wiebe to second Runner from 3rd tries for Home, throw by RF and OUT! 9-2
|
| Bottom of the 6th over - 0 runs, 2 hits, 0 errors, 2 left on base; Kane County 3 - Great Lakes 10 |
| TOP OF THE 7TH |
|
Kane County Cougars batting - Pitching for Great Lakes Loons : RHP Arturo Naranjo
|
|
Batting: LHB Tae-geun Kwang
|
0-0: Foul Ball, location: 2F 0-1: Ball 1-1: Called Strike 1-2: Ball 2-2: Ground out 4-3 (Groundball, 4, EV 115.0 MPH)
|
|
Batting: LHB Omar Marquez
|
0-0: Foul Ball, location: 2F 0-1: Ground out U3 (Groundball, 23, EV 79.4 MPH)
|
|
Batting: RHB Ernesto Zamora
|
0-0: Foul Ball, location: 2F 0-1: Swinging Strike 0-2: Ball 1-2: Strikes out looking
|
| Top of the 7th over - 0 runs, 0 hits, 0 errors, 0 left on base; Kane County 3 - Great Lakes 10 |
| BOTTOM OF THE 7TH |
|
Great Lakes Loons batting - Pitching for Kane County Cougars : LHP Cody Batchelor
|
|
Batting: RHB Trevor Conklin
|
0-0: Called Strike 0-1: Fly out, F8 (Flyball, 8LM, EV 93.8 MPH)
|
|
Batting: RHB Roger Simmons
|
0-0: Ball 1-0: Called Strike 1-1: Foul Ball, location: 2F 1-2: Foul Ball, location: 2F 1-2: Ball 2-2: Foul Ball, location: 2F 2-2: SINGLE (Line Drive, 8RS, EV 100.0 MPH)
|
|
Pitching: RHP Kevin Prior
|
|
|
Batting: RHB Theo Schepers
|
0-0: TRIPLE (Flyball, 78XD, EV 102.5 MPH) Roger Simmons scores
|
|
Batting: SHB Rich Rubio
|
0-0: Called Strike 0-1: Swinging Strike 0-2: Ball 1-2: Ground out U3 (Groundball, 3S, EV 90.6 MPH)
|
|
Batting: LHB Stephen Van Raalte
|
0-0: Called Strike 0-1: Swinging Strike 0-2: Ball 1-2: Strikes out swinging
|
| Bottom of the 7th over - 1 run, 2 hits, 0 errors, 1 left on base; Kane County 3 - Great Lakes 11 |
| TOP OF THE 8TH |
|
Kane County Cougars batting - Pitching for Great Lakes Loons : RHP Arturo Naranjo
|
|
Pitching: RHP Charles Durand
|
|
|
Batting: SHB Evan Armagost
|
0-0: Ball 1-0: Ball 2-0: Called Strike 2-1: Ball 3-1: Fly out, F7 (Flyball, 7, EV 94.4 MPH)
|
|
Batting: RHB Steve Machol
|
0-0: Called Strike 0-1: Foul Ball, location: 2F 0-2: Strikes out swinging
|
|
Batting: RHB Paul Schreiber
|
0-0: Ball 1-0: Ground out 3-1 (Groundball, 34, EV 78.8 MPH)
|
| Top of the 8th over - 0 runs, 0 hits, 0 errors, 0 left on base; Kane County 3 - Great Lakes 11 |
| BOTTOM OF THE 8TH |
|
Great Lakes Loons batting - Pitching for Kane County Cougars : RHP Kevin Prior
|
|
Batting: SHB Todd Hewitt
|
0-0: Called Strike 0-1: Foul Ball, location: 2F 0-2: Strikes out looking
|
|
Batting: LHB Kevin Wiebe
|
0-0: Swinging Strike 0-1: Swinging Strike 0-2: Strikes out looking
|
|
Batting: LHB Cliff Thomas
|
0-0: Foul Ball, location: 2F 0-1: Ball 1-1: Fly out, F3 (Line Drive, 3L, EV 76.9 MPH)
|
| Bottom of the 8th over - 0 runs, 0 hits, 0 errors, 0 left on base; Kane County 3 - Great Lakes 11 |
| TOP OF THE 9TH |
|
Kane County Cougars batting - Pitching for Great Lakes Loons : RHP Charles Durand
|
|
Batting: LHB Jeff Harmon
|
0-0: Ball 1-0: Swinging Strike 1-1: Called Strike 1-2: Ground out 3-1 (Groundball, 34S, EV 68.1 MPH)
|
|
Batting: RHB Sergio Manzanero
|
0-0: Swinging Strike 0-1: Ball 1-1: Called Strike 1-2: Strikes out swinging
|
|
Batting: LHB Enrique Ponce
|
0-0: Ball 1-0: Foul Ball, location: 2F 1-1: Ball 2-1: Ball 3-1: Ground out 4-3 (Groundball, 4, EV 86.2 MPH)
|
| Top of the 9th over - 0 runs, 0 hits, 0 errors, 0 left on base; Kane County 3 - Great Lakes 11 |
|